%YAML 1.1
%TAG !u! tag:unity3d.com,2011:
--- !u!114 &11400000
MonoBehaviour:
  m_ObjectHideFlags: 0
  m_CorrespondingSourceObject: {fileID: 0}
  m_PrefabInternal: {fileID: 0}
  m_GameObject: {fileID: 0}
  m_Enabled: 1
  m_EditorHideFlags: 0
  m_Script: {fileID: 11500000, guid: 0e0c2324a9ab1224ebe3edad393e3544, type: 3}
  m_Name: DissolveIntro
  m_EditorClassIdentifier: 
  nodes:
  - {fileID: 114514964669718346}
  - {fileID: 114793361049955588}
  - {fileID: 114053967666356636}
  editorStates:
  - {fileID: 114951634201383762}
  livesInScene: 0
--- !u!114 &114053967666356636
MonoBehaviour:
  m_ObjectHideFlags: 1
  m_CorrespondingSourceObject: {fileID: 0}
  m_PrefabInternal: {fileID: 0}
  m_GameObject: {fileID: 0}
  m_Enabled: 1
  m_EditorHideFlags: 0
  m_Script: {fileID: 11500000, guid: da0a24bab1293f04d997dae2ec51c468, type: 3}
  m_Name: Build Shader
  m_EditorClassIdentifier: 
  rect:
    serializedVersion: 2
    x: 161.5
    y: -223
    width: 300
    height: 400
  nodeKnobs:
  - {fileID: 114377758105117114}
  Inputs:
  - {fileID: 114377758105117114}
  Outputs: []
  BuildErrorFlag: 0
  BuildLightningSupport: 0
--- !u!114 &114091931626294170
MonoBehaviour:
  m_ObjectHideFlags: 1
  m_CorrespondingSourceObject: {fileID: 0}
  m_PrefabInternal: {fileID: 0}
  m_GameObject: {fileID: 0}
  m_Enabled: 1
  m_EditorHideFlags: 0
  m_Script: {fileID: 11500000, guid: 4caff27366054dd44a30ddb5be369acc, type: 3}
  m_Name: RGBA
  m_EditorClassIdentifier: 
  body: {fileID: 114793361049955588}
  side: 4
  sidePosition: 125
  sideOffset: 0
  connection: {fileID: 114885632550822360}
  typeID: SuperFloat4
--- !u!114 &114257575806464118
MonoBehaviour:
  m_ObjectHideFlags: 1
  m_CorrespondingSourceObject: {fileID: 0}
  m_PrefabInternal: {fileID: 0}
  m_GameObject: {fileID: 0}
  m_Enabled: 1
  m_EditorHideFlags: 0
  m_Script: {fileID: 11500000, guid: 42e7026d0da7df848ab67d517ac12d74, type: 3}
  m_Name: RGBA
  m_EditorClassIdentifier: 
  body: {fileID: 114793361049955588}
  side: 2
  sidePosition: 103
  sideOffset: 0
  connections:
  - {fileID: 114377758105117114}
  typeID: SuperFloat4
  calculationBlockade: 0
--- !u!114 &114288958648080564
MonoBehaviour:
  m_ObjectHideFlags: 1
  m_CorrespondingSourceObject: {fileID: 0}
  m_PrefabInternal: {fileID: 0}
  m_GameObject: {fileID: 0}
  m_Enabled: 1
  m_EditorHideFlags: 0
  m_Script: {fileID: 11500000, guid: 4caff27366054dd44a30ddb5be369acc, type: 3}
  m_Name: UV
  m_EditorClassIdentifier: 
  body: {fileID: 114793361049955588}
  side: 4
  sidePosition: 103
  sideOffset: 0
  connection: {fileID: 0}
  typeID: SuperFloat2
--- !u!114 &114377758105117114
MonoBehaviour:
  m_ObjectHideFlags: 1
  m_CorrespondingSourceObject: {fileID: 0}
  m_PrefabInternal: {fileID: 0}
  m_GameObject: {fileID: 0}
  m_Enabled: 1
  m_EditorHideFlags: 0
  m_Script: {fileID: 11500000, guid: 4caff27366054dd44a30ddb5be369acc, type: 3}
  m_Name: RGBA
  m_EditorClassIdentifier: 
  body: {fileID: 114053967666356636}
  side: 4
  sidePosition: 53
  sideOffset: 0
  connection: {fileID: 114257575806464118}
  typeID: SuperFloat4
--- !u!114 &114436185746083394
MonoBehaviour:
  m_ObjectHideFlags: 1
  m_CorrespondingSourceObject: {fileID: 0}
  m_PrefabInternal: {fileID: 0}
  m_GameObject: {fileID: 0}
  m_Enabled: 1
  m_EditorHideFlags: 0
  m_Script: {fileID: 11500000, guid: 4caff27366054dd44a30ddb5be369acc, type: 3}
  m_Name: UV
  m_EditorClassIdentifier: 
  body: {fileID: 114514964669718346}
  side: 4
  sidePosition: 53
  sideOffset: 0
  connection: {fileID: 0}
  typeID: SuperFloat2
--- !u!114 &114514964669718346
MonoBehaviour:
  m_ObjectHideFlags: 1
  m_CorrespondingSourceObject: {fileID: 0}
  m_PrefabInternal: {fileID: 0}
  m_GameObject: {fileID: 0}
  m_Enabled: 1
  m_EditorHideFlags: 0
  m_Script: {fileID: 11500000, guid: 90ec3a51e031a9f42a8eeb9d470525f6, type: 3}
  m_Name: Main Texture
  m_EditorClassIdentifier: 
  rect:
    serializedVersion: 2
    x: -417.5
    y: -146
    width: 148
    height: 215
  nodeKnobs:
  - {fileID: 114436185746083394}
  - {fileID: 114885632550822360}
  Inputs:
  - {fileID: 114436185746083394}
  Outputs:
  - {fileID: 114885632550822360}
  Variable: _MainTex_
  MemoCount: 1
--- !u!114 &114793361049955588
MonoBehaviour:
  m_ObjectHideFlags: 1
  m_CorrespondingSourceObject: {fileID: 0}
  m_PrefabInternal: {fileID: 0}
  m_GameObject: {fileID: 0}
  m_Enabled: 1
  m_EditorHideFlags: 0
  m_Script: {fileID: 11500000, guid: cda82f893517afd47be4026a2e165a6c, type: 3}
  m_Name: Destroyer
  m_EditorClassIdentifier: 
  rect:
    serializedVersion: 2
    x: -101.5
    y: -210
    width: 172
    height: 260
  nodeKnobs:
  - {fileID: 114288958648080564}
  - {fileID: 114091931626294170}
  - {fileID: 114257575806464118}
  Inputs:
  - {fileID: 114288958648080564}
  - {fileID: 114091931626294170}
  Outputs:
  - {fileID: 114257575806464118}
  Variable: 0.42
  Variable2: 0.5
  result: 
  HDR: 0
  HDRvalue: 1
  parametersOK: 1
  MemoCount: 1
--- !u!114 &114885632550822360
MonoBehaviour:
  m_ObjectHideFlags: 1
  m_CorrespondingSourceObject: {fileID: 0}
  m_PrefabInternal: {fileID: 0}
  m_GameObject: {fileID: 0}
  m_Enabled: 1
  m_EditorHideFlags: 0
  m_Script: {fileID: 11500000, guid: 42e7026d0da7df848ab67d517ac12d74, type: 3}
  m_Name: RGBA
  m_EditorClassIdentifier: 
  body: {fileID: 114514964669718346}
  side: 2
  sidePosition: 53
  sideOffset: 0
  connections:
  - {fileID: 114091931626294170}
  typeID: SuperFloat4
  calculationBlockade: 0
--- !u!114 &114951634201383762
MonoBehaviour:
  m_ObjectHideFlags: 1
  m_CorrespondingSourceObject: {fileID: 0}
  m_PrefabInternal: {fileID: 0}
  m_GameObject: {fileID: 0}
  m_Enabled: 1
  m_EditorHideFlags: 0
  m_Script: {fileID: 11500000, guid: f6ab6487237ff124ea4c2aa5de9ce3fb, type: 3}
  m_Name: MainEditorState
  m_EditorClassIdentifier: 
  canvas: {fileID: 11400000}
  parentEditor: {fileID: 0}
  drawing: 1
  selectedNode: {fileID: 114053967666356636}
  LivePreviewShaderPath: Assets/Shader/PHOENIX_SHADER/DiffuseDissolve.shader
  ShaderName: DiffuseDissolve
  ShaderInMemory: {fileID: 4800000, guid: 9f316b7cdf4472341a402eef68f190c9, type: 3}
  panOffset: {x: 72, y: -9}
  zoom: 1
